 Dungeon Crawl Stone Soup version 0.25.1-2-g60ff931df9 (webtiles) character file.

Game seed: 5703256758301618231

283 lepoulpe303 the Sneak (level 6, -3/28 HPs)
             Began as a Spriggan Earth Elementalist on Sept 7, 2020.
             Slain by a centaur (4 damage)
             ... on level 5 of the Dungeon.
             The game lasted 00:13:30 (4104 turns).

lepoulpe303 the Sneak (Spriggan Earth Elementalist) Turns: 4104, Time: 00:13:30

Health: -3/28      AC:  2    Str:  4    XL:     6   Next: 7%
Magic:  11/13      EV: 19    Int: 19    God:
Gold:   214        SH:  0    Dex: 16    Spells: 5/14 levels left

rFire    . . .     SeeInvis +   a - +0 short sword (drain)
rCold    . . .     Gourm    .   (shield restricted)
rNeg     . . .     Faith    .   c - +0 robe
rPois    .         Spirit   .   (helmet restricted)
rElec    .         Reflect  .   (no cloak)
rCorr    .         Harm     .   (gloves unavailable)
MR       +....                  (boots unavailable)
Stlth    +++.......             (no amulet)
HPRegen  0.09/turn              (no ring)
MPRegen  0.13/turn              (no ring)

@: very quick
A: very small, unfitting armour, see invisible, herbivore, speed 3, slow
metabolism 2
a: no special abilities


You were on level 5 of the Dungeon.
You were not hungry.

You visited 1 branch of the dungeon, and saw 5 of its levels.

You collected 214 gold pieces.

Inventory:

Hand Weapons
 a - a +0 short sword of draining (weapon)
Missiles
 m - 19 poisoned darts (quivered)
 Q - 55 stones
Armour
 c - a +0 robe (worn)
Wands
 n - a wand of clouds (6)
Scrolls
 b - 3 scrolls of blinking {unknown}
 d - a scroll of random uselessness {unknown}
 f - 2 scrolls of noise {unknown}
 h - 6 scrolls of teleportation {unknown}
 i - 3 scrolls of identify
 k - a scroll of amnesia {unknown}
 p - a scroll of enchant weapon {unknown}
 r - a scroll of fog {unknown}
 w - 3 scrolls of remove curse
Potions
 g - a potion of heal wounds {unknown}
 j - a potion of lignification {unknown}
 l - a potion of flight {unknown}
 o - 2 potions of brilliance {unknown}
 q - a potion of degeneration {unknown}
Comestibles
 e - 6 rations


   Skills:
 + Level 2.0 Short Blades
 + Level 4.2 Dodging
 + Level 4.5 Stealth
 * Level 4.5 Spellcasting
 * Level 2.1 Hexes
 - Level 1.3 Transmutations
 * Level 3.9 Earth Magic


You had 5 spell levels left.
You knew the following spells:

 Your Spells              Type           Power        Failure   Level  Hunger
a - Sandblast             Erth           ###...       2%          1    None
b - Dazzling Flash        Conj/Hex       #.....       26%         3    ###....
w - Passwall              Tmut/Erth      ##......     7%          2    #......
x - Stone Arrow           Conj/Erth      ##....       17%         3    ###....

Your spell library contained the following spells:

 Spells                   Type           Power        Failure   Level  Hunger
 Magic Dart               Conj           #...         13%         1    None
 Searing Ray              Conj           #.....       21%         2    #......
 Petrify                  Tmut/Erth      ##......     41%         4    ####...
 Lee's Rapid Deconstruct  Erth           ###.......   58%         5    ######.
 Fulminant Prism          Conj/Hex       #.........   63%         4    ####...
 Iskenderun's Mystic Bla  Conj/Tloc      #.......     78%         4    ####...


Dungeon Overview and Level Annotations

Branches:
Dungeon (5/15)             Temple (0/1) D:5

Altars:
Fedhas
Qazlal
Yredelemnul


Innate Abilities, Weirdness & Mutations

You are very small and have problems with some larger weapons.
You are too small for most types of armour.
You have supernaturally acute eyesight. (SInv)
You are a herbivore.
You cover ground extremely quickly.
You need to consume almost no food.


Message History

* * * LOW HITPOINT WARNING * * *
You see here an arrow.
You take 7 damage, and have 10/28 hp.
MASSIVE DAMAGE!!
h - 6 scrolls labeled VENEUNTAUW (gained 1)
The centaur unwields a +0 shortbow.
The centaur misses you.
Okay, then.
Aim: a centaur, quivering 25 arrows The blast of sand hits the centaur!
Q - 56 stones The centaur hits you!
* * * LOW HITPOINT WARNING * * *
You take 10 damage, and have 1/28 hp.
MASSIVE DAMAGE!!
You now have 12/13 mp.
Aim: a centaur, quivering 25 arrows (heavily wounded)
The blast of sand hits the centaur.
Q - 55 stones The centaur hits you.
You die...

# #.#### ...#
#.###
#.####...#######.
#..
#........@.......
...
#####...c#######.
# #.# #........#
#.... #...####c#
.#.#. ##### #.#
..#.
#.##########...
#.......(...<..
#####..###..c..
##$....Y...


You could see a centaur.

Levels and vault maps discovered:
D:1:      elethiomel_arrival_infinity_welcomes_careful_drivers,
          layout_loops_ring
D:2:      layout_loops_ring, gammafunk_temple_overflow_statue
D:3:      layout_basic, marbit_many_paths,
          chequers_ecumenical_altar_simple_redux
D:4:      layout_basic
D:5:      layout_basic, minmay_temple_entry_junction_2, first_ration,
          grunt_decor_resistance, uniq_sigmund, uniq_pikel

Notes
Turn   | Place    | Note
-------+----------+-------------------------------------------
     0 | D:1      | lepoulpe303 the Spriggan Earth Elementalist began the quest
                  | for the Orb.
     0 | D:1      | Reached XP level 1. HP: 9/9 MP: 5/5
     9 | D:1      | Identified a +0 short sword
    47 | D:1      | Identified a +0 club
   219 | D:1      | Identified a +0 club
   225 | D:1      | Reached skill level 3 in Spellcasting
   225 | D:1      | Reached XP level 2. HP: 13/13 MP: 7/7
   270 | D:1      | Identified a +0 club
   384 | D:1      | Identified a cursed -2 dagger
   385 | D:1      | Identified a +0 dagger
   397 | D:1      | Reached skill level 3 in Earth Magic
   705 | D:2      | Identified a +0 club
   705 | D:2      | Identified a +0 mace
   713 | D:2      | Reached XP level 3. HP: 11/16 MP: 8/8
   736 | D:2      | Learned a level 2 spell: Passwall
   740 | D:2      | Learned a level 3 spell: Stone Arrow
   907 | D:2      | Identified a +0 club
   910 | D:2      | Reached skill level 1 in Short Blades
  1066 | D:2      | Identified a +0 club
  1370 | D:2      | Found a stormy altar of Qazlal.
  1370 | D:2      | Found a basalt altar of Yredelemnul.
  1370 | D:2      | Identified a +0 club
  1370 | D:2      | Identified a +0 dagger
  1386 | D:2      | HP: 3/16 [kobold/+0 dagger (5)]
  1646 | D:2      | Identified a cursed -2 club
  1734 | D:2      | Identified a +0 club
  1767 | D:2      | Identified a +0 short sword
  1963 | D:3      | Identified a +0 club
  2016 | D:3      | Identified a +0 club
  2023 | D:3      | Reached XP level 4. HP: 9/21 MP: 10/10
  2300 | D:3      | Found a blossoming altar of Fedhas.
  2405 | D:3      | Identified a cursed +0 whip
  2405 | D:3      | Identified a +0 robe
  2627 | D:3      | Found a faded altar of an unknown god.
  2668 | D:3      | Identified a +0 flail
  2668 | D:3      | Identified a +0 ring mail
  2673 | D:3      | Learned a level 3 spell: Dazzling Flash
  2673 | D:3      | Identified a +0 chain mail
  2675 | D:3      | Identified a +0 hand axe
  2675 | D:3      | Identified a +0 leather armour
  2691 | D:3      | Identified 4 scrolls of identify
  2691 | D:3      | Identified 2 scrolls of remove curse
  2692 | D:3      | Identified a +0 short sword of draining (You found it on
                  | level 3 of the Dungeon)
  2826 | D:3      | Identified a +0 club
  2826 | D:3      | Identified a cursed +0 ring mail
  3386 | D:4      | Identified a +2 flail of holy wrath
  3386 | D:4      | Identified a cursed +0 spear
  3407 | D:3      | HP: 2/21 [gnoll (7)]
  3412 | D:3      | Reached skill level 4 in Stealth
  3421 | D:3      | Reached skill level 4 in Spellcasting
  3421 | D:3      | Reached skill level 1 in Hexes
  3430 | D:3      | Reached XP level 5. HP: 4/24 MP: 3/12
  3690 | D:4      | Identified a +0 giant club
  3690 | D:4      | Noticed an ogre
  3741 | D:3      | Killed an ogre
  3741 | D:3      | Reached skill level 4 in Dodging
  3793 | D:4      | Reached skill level 2 in Short Blades
  3793 | D:4      | Reached skill level 2 in Hexes
  3831 | D:4      | Reached XP level 6. HP: 27/28 MP: 10/13
  3889 | D:4      | Identified a +0 flail
  4007 | D:4      | Identified a +0 short sword
  4007 | D:4      | Identified a +0 leather armour
  4029 | D:4      | Identified a +0 hand axe
  4030 | D:4      | Identified a +2 dagger of speed
  4032 | D:4      | Identified a +0 club
  4076 | D:5      | Entered Level 5 of the Dungeon
  4076 | D:5      | Found a staircase to the Ecumenical Temple.
  4076 | D:5      | Noticed a sky beast
  4076 | D:5      | Identified a +0 shortbow
  4103 | D:5      | HP: 1/28 [centaur (10)]
  4104 | D:5      | Slain by a centaur

Table legend:
 A = Turns spent in this place as a percentage of turns spent in the entire game.
 B = Non-inter-level travel turns spent in this place as a percentage of non-inter-level travel turns spent in the entire game.
 C = Inter-level travel turns spent in this place as a percentage of turns spent in this place.
 D = Turns resting spent in this place as a percentage of non-inter-level travel turns spent in this place.
 E = Turns spent auto-exploring this place as a percentage of non-inter-level travel turns spent in this place.
 F = Non-inter-level travel turns spent in this place divided by the number of levels of this place that you've seen.
                   A       B       C       D       E      F
               +-------+-------+-------+-------+-------+----------------------
         Total | 100.0 | 100.0 |   1.6 |  38.0 |  41.6 | 808.0
       Dungeon | 100.0 | 100.0 |   1.6 |  38.0 |  41.6 | 808.0
               +-------+-------+-------+-------+-------+----------------------

Table legend:
 A = Kills in this place as a percentage of kills in entire the game.
 B = Kills by you in this place as a percentage of kills by you in the entire game.
 C = Kills by friends in this place as a percentage of kills by friends in the entire game.
 D = Other kills in this place as a percentage of other kills in the entire game.
 E = Experience gained in this place as a percentage of experience gained in the entire game.
 F = Experience gained in this place divided by the number of levels of this place that you have seen.
                   A       B       C       D       E      F
               +-------+-------+-------+-------+-------+----------------------
         Total | 100.0 | 100.0 |   N/A |   N/A | 100.0 |  81.0
       Dungeon | 100.0 | 100.0 |   N/A |   N/A | 100.0 |  81.0
               +-------+-------+-------+-------+-------+----------------------

Skill      XL: |  1  2  3  4  5 |
---------------+----------------+-----
Spellcasting   | 3 4 |  4.5
Earth Magic    | 3 |  3.9
Short Blades   | 1 2 |  2.0
Stealth        | 4 |  4.5
Hexes          | 1 2 |  2.1
Dodging        | 4 |  4.2
Transmutations | |  1.3

Action                   |  1- 3 |  4- 6 || total
-------------------------+-------+-------++-------
Melee: Short sword       |   172 |    55 ||   227
Throw: Dart              |       |    11 ||    11
 Cast: Sandblast         |    17 |    23 ||    40
  Use: Scroll            |       |     1 ||     1
 Stab: Sleeping          |    12 |     4 ||    16
  Eat: Ration            |       |     1 ||     1
Armor: Robe              |    11 |     2 ||    13
Dodge: Dodged            |   133 |    60 ||   193

Vanquished Creatures
  An ogre (D:3)
  A hound (D:4)
  An iguana (D:4)
  3 adders
  4 gnolls
  An ooze (D:1)
  A worm (D:2)
  A dart slug (D:1)
  A leopard gecko (D:2)
  8 orcs
  A ball python (D:2)
  3 giant cockroaches
  8 goblins
  9 hobgoblins
  5 kobolds
  A quokka (D:4)
  A ball python skeleton (D:4)
  8 bats
  4 frilled lizards
  4 rats
66 creatures vanquished.
